 Seeded DCSS version 0.29-a0-495-g17b79114eb (webtiles) character file.

Game seed: 8109572299202458898 (custom seed)

44 happo123 the Sneak (level 3, -1/19 HPs)
             Began as a Kobold Enchanter on May 27, 2022.
             Slain by a hobgoblin (3 damage)
             ... led by Robin
             ... on level 2 of the Dungeon.
             The game lasted 00:05:29 (1709 turns).

happo123 the Sneak (Kobold Enchanter)               Turns: 1709, Time: 00:05:30

Health: -1/19      AC:  2    Str:  5    XL:     3   Next: 87%
Magic:  2/6        EV: 15    Int: 18    God:
Gold:   44         SH:  0    Dex: 15    Spells: 2/7 levels left

rFire   . . .      SeeInvis .   a - +1 dagger
rCold   . . .      Faith    .   (no shield)
rNeg    . . .      Spirit   .   b - +0 robe
rPois   +          Reflect  .   (no helmet)
rElec   .          Harm     .   (no cloak)
rCorr   .          Rampage  .   (no gloves)
Will    .....                   (no boots)
Stlth   ++++......              (no amulet)
HPRegen 0.06/turn               f - ring of poison resistance
MPRegen 0.10/turn               (no ring)

@: no status effects
A: small, no large weapons, nightstalker 3
a: no special abilities


You were on level 2 of the Dungeon.
You visited 1 branch of the dungeon, and saw 2 of its levels.

You collected 44 gold pieces.

Inventory:

Hand Weapons
 a - a +1 dagger (weapon)
Armour
 b - a +0 robe (worn)
Magical Staves
 k - a staff of cold
Jewellery
 f - a ring of poison resistance (left hand)
Scrolls
 d - a scroll of summoning {unknown}
 e - a scroll of blinking {unknown}
 g - a scroll of identify {unknown}
 h - a scroll of enchant weapon {unknown}
 m - a scroll of enchant armour {unknown}
Potions
 c - 2 potions of invisibility
 i - a potion of flight {unknown}
 j - 2 potions of ambrosia {unknown}
 l - 2 potions of magic {unknown}


   Skills:
 + Level 0.2 Fighting
 + Level 2.1 Short Blades
 + Level 3.0 Dodging
 + Level 4.5 Stealth
 + Level 2.5 Spellcasting
 * Level 3.4 Hexes


You had 2 spell levels left.
You knew the following spells:

 Your Spells              Type           Power      Damage    Failure   Level
a - Ensorcelled Hibernat  Hex/Ice        16%        N/A       13%         2
b - Tukima's Dance        Hex            14%        N/A       12%         3

Your spell library contained the following spells:

 Spells                   Type           Power      Damage    Failure   Level
 Confusing Touch          Hex            14%        N/A       12%         3
 Dazzling Flash           Conj/Hex       16%        N/A       26%         3


Dungeon Overview and Level Annotations

Branches:
Dungeon (2/15)

Altars:

Annotations:
D:2 Robin


Innate Abilities, Weirdness & Mutations

You are small and have problems with some larger weapons.
You are completely attuned to the shadows.


Message History

The goblin resists with significant effort.
The goblin barely misses you.
Aiming: Ensorcelled Hibernation (safe; 13% risk of failure)
Press: ? - help, Q - select action Shift-Dir - straight line, f/p - goblin
Aim: a goblin, wielding a +0 club (heavily wounded, chance to affect: 59%)
The goblin looks drowsy...
The helpless goblin fails to defend itself.
You impale the goblin!!
You kill the goblin!
You hit the hobgoblin but do no damage. You closely miss the hobgoblin.
Robin roars a battlecry!
The goblins go into a battle-frenzy!
You hear a shout!
Aiming: Ensorcelled Hibernation (safe; 13% risk of failure)
Press: ? - help, Q - select action Shift-Dir - straight line, f - goblin
Aim: a goblin, wielding a +0 club (strong, chance to affect: 59%)
The goblin resists with significant effort.
The hobgoblin hits you. The goblin misses you.
You don't have enough magic to cast this spell.
You closely miss the goblin.
Robin says, "My goblins will feast on your bones."
The hobgoblin barely misses you. The goblin hits you with a +0 club.
You closely miss the goblin. The hobgoblin misses you.
The goblin barely misses you.
You miss the goblin. The hobgoblin closely misses you.
A hobgoblin comes into view.
The goblin hits you with a +0 club.
You closely miss the goblin. The hobgoblin barely misses you.
Robin throws the goblin at you! The goblin hits you with a +0 club.
The hobgoblin attacks as you move away! The hobgoblin misses you.
The hobgoblin attacks as you move away! The hobgoblin hits you.
* * * LOW HITPOINT WARNING * * *
Found a hand axe.
The goblin no longer looks unusually strong.
The hobgoblin no longer looks unusually strong.
The hobgoblin attacks as you move away! The hobgoblin barely misses you.
The hobgoblin attacks as you move away! The hobgoblin closely misses you.
The hobgoblin attacks as you move away! The hobgoblin hits you.
You die...

#.#.###..........
.........
#.#.###..........
........
#g#.)............
....... ####..........
...... ....g.##.....
..... ###.#.##.....
..### #.#.# ..
#.#g#########+########
#...g@................
#.#.#########.########
###...........#
#############


You could see a hobgoblin and a goblin.

Vanquished Creatures
  4 ball pythons (D:1)
  4 endoplasms (D:1)
  2 giant cockroaches
  3 goblins
  2 hobgoblins (D:1)
  4 jackals (D:2)
  3 kobolds
  2 quokkas
  7 bats
  4 frilled lizards
  3 rats
38 creatures vanquished.

Notes
Turn   | Place    | Note
-------+----------+-------------------------------------------
     0 | D:1      | happo123 the Kobold Enchanter began the quest for the Orb.
     0 | D:1      | Reached XP level 1. HP: 10/10 MP: 3/3
   233 | D:1      | Reached XP level 2. HP: 15/15 MP: 5/5
   264 | D:1      | Found a faded altar of an unknown god.
   555 | D:1      | Reached XP level 3. HP: 19/19 MP: 6/6
   558 | D:1      | Learned a level 2 spell: Ensorcelled Hibernation
   562 | D:1      | Learned a level 3 spell: Tukima's Dance
  1676 | D:2      | Noticed Robin
  1709 | D:2      | Slain by a hobgoblin

Illustrated notes

Levels and vault maps discovered:
D:1:      saegor_arrival_simple_a, layout_loops_ring,
          shapermc_ecumenical_altar_ellora
D:2:      layout_basic, uniq_robin

Skill      XL: |  1  2  3 |
---------------+----------+-----
Short Blades   | 2 |  2.1
Dodging        | 3 |  3.0
Fighting       | |  0.2
Stealth        | |  4.5
Spellcasting   | |  2.5
Hexes          | |  3.4

Action                   || total
-------------------------++-------
Melee: Dagger            ||    84
 Cast: Ensorcelled Hiber ||    10
 Stab: Sleeping          ||    26
Armor: Robe              ||     5
Dodge: Dodged            ||    49

Table legend: (Time is in decaauts)
 A = Elapsed time spent in this place.
 B = Non-inter-level travel time spent in this place.
 C = Inter-level travel time spent in this place.
 D = Time resting spent in this place.
 E = Time spent auto-exploring this place.
 F = Levels seen in this place.
 G = Mean time per level.
                   A        B        C        D        E       F      G
               +--------+--------+--------+--------+--------+-----+--------+
         Total |   1700 |   1616 |     84 |      0 |   1330 |   2 |  850.0 |
       Dungeon |   1700 |   1616 |     84 |      0 |   1330 |   2 |  850.0 |
               +--------+--------+--------+--------+--------+-----+--------+

Top non-repeatable levels by time:
     D:1: 1063 daAuts
     D:2: 636 daAuts
